Map: 어스름 탑

Players

llllllllllll - Winner!

  • Race: Protoss Protoss
  • League: Grandmaster

llllllllllll (Scarlett)

  • Race: Zerg Zerg
  • League: Grandmaster

VOD

Have the link to the VOD?

Description

Time

  • Played on: April 14, 2016, 6:32 a.m.
  • Length: 10:31
Show
View Real Time Build Order
Export as new Build Order

llllllllllll Protoss - Winner!

Build Orders: Nexus First, Phoenix Opening 

Get SALT Encoding   

  12  0:00  Probe (Chrono Boost)  
  13  0:11  Probe (Chrono Boost)  
  14  0:17  Pylon  
  14  0:22  Probe (Chrono Boost)  
  15  0:35  Probe (Chrono Boost)  
  16  0:46  Probe (Chrono Boost)  
  17  0:59  Nexus  
  17  1:09  Gateway  
  17  1:13  Probe (Chrono Boost)  
  18  1:18  Assimilator  
  18  1:23  Probe (Chrono Boost)  
  19  1:26  Assimilator  
  19  1:34  Probe (Chrono Boost)  
  19  1:38  Gateway  
  20  1:44  Probe (Chrono Boost)  
  21  1:55  Probe (Chrono Boost)  
  22  2:01  Cybernetics Core  
  22  2:05  Probe (Chrono Boost)  
  23  2:12  Probe (Chrono Boost)  
  24  2:16  Probe (Chrono Boost)  
  24  2:22  Probe (Chrono Boost)  
  26  2:27  Probe (Chrono Boost)  
  27  2:32  Probe (Chrono Boost)  
  28  2:37  Probe (Chrono Boost), Adept (Chrono Boost)  
  28  2:38  Adept (Chrono Boost)  
  28  2:39  Warp Gate  
  28  2:42  Pylon  
  28  2:44  Probe  
  34  2:49  Probe  
  35  2:57  Probe (Chrono Boost)  
  35  2:58  Stargate  
  36  3:01  Probe (Chrono Boost)  
  37  3:09  Zealot, Sentry, Pylon  
  37  3:11  Probe (Chrono Boost)  
  43  3:13  Probe (Chrono Boost)  
  43  3:21  Probe (Chrono Boost)  
  43  3:23  Probe (Chrono Boost)  
  45  3:31  Mothership Core (Chrono Boost)  
  47  3:39  Nexus  
  47  3:42  Pylon  
  47  3:45  Phoenix (Chrono Boost)  
  49  3:49  Probe  
  49  3:55  Probe  
  50  3:59  Forge  
  50  4:00  Gateway  
  45  4:04  Pylon  
  45  4:05  Probe x2  
  45  4:12  Phoenix (Chrono Boost)  
  46  4:21  Probe  
  47  4:24  Probe  
  47  4:29  Assimilator x2  
  48  4:33  Probe, Phoenix (Chrono Boost)  
  48  4:35  Probe  
  52  4:44  Zealot, Sentry  
  57  4:45  Probe  
  57  4:46  Probe  
  57  4:50  Probe  
  59  4:57  Phoenix (Chrono Boost)  
  61  5:01  Probe  
  61  5:02  Probe  
  61  5:05  Probe  
  64  5:12  Probe  
  64  5:13  Protoss Ground Weapons Level 1, Probe  
  66  5:16  Probe  
  66  5:18  Phoenix (Chrono Boost)  
  66  5:21  Zealot x3  
  75  5:23  Probe  
  75  5:25  Probe  
  75  5:27  Pylon  
  77  5:28  Pylon  
  77  5:32  Pylon  
  77  5:37  Robotics Facility  
  77  5:39  Robotics Facility, Pylon  
  77  5:44  Probe x2  
  77  5:45  Probe  
  77  5:48  Twilight Council  
  80  5:55  Probe  
  81  5:58  Probe  
  81  6:00  Probe  
  83  6:04  Assimilator  
  83  6:06  Probe  
  83  6:08  Assimilator  
  83  6:10  Probe  
  85  6:11  Probe, Zealot  
  85  6:12  Zealot x2  
  85  6:16  Probe  
  85  6:17  Charge  
  93  6:27  Templar Archives  
  93  6:29  Warp Prism (Chrono Boost)  
  93  6:30  Observer (Chrono Boost)  
  96  6:33  Zealot x3  
  96  6:37  Pylon x2  
  102  6:43  Gateway  
  102  6:45  Gateway  
  102  6:47  Gateway  
  102  6:50  Gateway x2  
  102  6:58  Immortal (Chrono Boost)  
  102  7:01  Immortal (Chrono Boost)  
  110  7:02  Protoss Ground Weapons Level 2 (Chrono Boost)  
  110  7:14  Zealot x2  
  110  7:15  Zealot  
  116  7:20  Gateway x2  
  116  7:27  Probe x2  
  118  7:35  Immortal (Chrono Boost)  
  122  7:38  Pylon  
  122  7:39  Pylon  
  122  7:40  Pylon, Nexus  
  122  7:41  Pylon  
  122  7:50  Pylon  
  122  7:53  Immortal (Chrono Boost)  
  125  8:00  High Templar x4  
  125  8:01  Zealot  
  125  8:05  Archon  
  135  8:06  Archon  
  135  8:10  Immortal (Chrono Boost)  
  139  8:18  Zealot x4  
  139  8:19  Zealot  
  137  8:38  High Templar  
  137  8:39  Zealot, High Templar x2  
  137  8:40  Zealot  
  137  8:41  Zealot x4  
  131  8:43  Archon  
  131  8:44  High Templar  
  131  8:46  Warp Prism (Chrono Boost)  
  131  8:48  Archon  
  131  9:04  High Templar  
  131  9:05  High Templar  
  131  9:09  Zealot x4  
  143  9:10  Archon, Zealot  
  143  9:12  Zealot x2  
  109  9:41  High Templar x2  
  109  9:43  Zealot x4, High Templar x2  
  109  9:44  Zealot x2  
  125  9:47  Archon x2  
  125  9:55  Immortal (Chrono Boost)  
  119  10:07  Zealot x4, High Templar x2  
  124  10:14  Zealot  
  124  10:15  Zealot, Archon  
  124  10:19  Zealot x2  
Show
View Real Time Build Order
Export as new Build Order

llllllllllll Zerg 

Build Orders: Hatch First 

Get SALT Encoding   

  12  0:01  Drone  
  13  0:09  Drone  
  14  0:17  Overlord  
  14  0:23  Extractor  
  14  0:24  Drone  
  15  0:35  Drone x2  
  17  0:52  Hatchery  
  17  0:54  Drone  
  17  1:02  Drone  
  18  1:08  Extractor  
  18  1:11  Drone  
  18  1:16  Spawning Pool  
  17  1:19  Drone  
  18  1:27  Drone  
  19  1:38  Drone  
  20  1:46  Hatchery  
  19  1:49  Drone  
  20  2:01  Drone  
  20  2:04  Drone  
  20  2:07  Queen  
  24  2:11  Metabolic Boost  
  24  2:17  Drone  
  24  2:21  Overlord  
  25  2:23  Drone  
  26  2:35  Drone x2  
  28  2:39  Queen  
  28  2:44  Drone x2  
  32  2:48  Queen  
  34  2:55  Overlord  
  34  3:01  Drone x2  
  34  3:02  Pneumatized Carapace  
  34  3:04  Zergling x2  
  37  3:06  Zergling x2  
  37  3:11  Zergling x4  
  40  3:17  Zergling x6  
  40  3:18  Zergling x2  
  44  3:20  Zergling x2  
  44  3:26  Overlord  
  45  3:27  Drone  
  45  3:33  Overlord, Drone  
  47  3:39  Evolution Chamber  
  46  3:43  Drone x2  
  46  4:00  Drone x9  
  51  4:09  Drone x3  
  53  4:14  Overlord  
  53  4:15  Drone  
  53  4:16  Zerg Melee Weapons Level 1  
  53  4:19  Extractor  
  53  4:22  Drone  
  53  4:24  Zergling x2  
  53  4:28  Zergling x2  
  53  4:29  Queen  
  53  4:30  Lair  
  53  4:31  Drone  
  57  4:33  Extractor  
  57  4:34  Extractor  
  57  4:35  Drone x2  
  57  4:41  Drone  
  57  4:42  Hatchery  
  57  4:45  Drone x2  
  59  4:54  Drone x6  
  59  4:56  Spore Crawler, Drone  
  59  4:58  Spore Crawler  
  64  5:00  Drone  
  64  5:01  Baneling Nest  
  64  5:06  Drone  
  64  5:07  Overlord  
  65  5:13  Overlord  
  65  5:17  Overlord  
  65  5:25  Overlord  
  65  5:27  Overlord  
  65  5:30  Extractor  
  65  5:31  Queen  
  65  5:32  Infestation Pit  
  65  5:33  Evolution Chamber, Drone  
  65  5:34  Drone  
  66  5:38  Drone x8  
  74  5:44  Drone  
  74  5:45  Drone x5  
  74  5:48  Spore Crawler  
  79  5:55  Drone  
  79  5:56  Drone x3  
  83  5:59  Zerg Ground Armor Level 1  
  83  6:00  Centrifical Hooks  
  83  6:02  Extractor  
  82  6:09  Drone x2  
  84  6:16  Drone x2  
  84  6:17  Spore Crawler, Drone  
  86  6:19  Hive  
  86  6:21  Zerg Melee Weapons Level 2  
  86  6:26  Hatchery  
  86  6:30  Spire, Zergling x8  
  88  6:38  Zergling x14  
  95  6:46  Overlord x5  
  95  7:04  Overlord x3  
  95  7:05  Zergling x6  
  95  7:06  Zergling x16  
  104  7:13  Drone x2  
  105  7:18  Spore Crawler  
  105  7:20  Overseer  
  105  7:21  Overlord  
  105  7:22  Overlord x3  
  104  7:23  Zergling x4  
  104  7:24  Zergling x6  
  109  7:33  Adrenal Glands  
  109  7:34  Overlord  
  109  7:35  Ultralisk Cavern, Overlord  
  108  7:39  Drone x2  
  108  7:40  Zergling x12  
  115  7:45  Greater Spire  
  115  8:00  Zergling x2  
  115  8:01  Zergling x26  
  115  8:02  Baneling  
  115  8:03  Baneling x11  
  129  8:07  Zerg Ground Armor Level 2  
  129  8:10  Zergling x4  
  129  8:11  Zergling x2  
  132  8:19  Zergling x2  
  132  8:20  Zergling x14  
  118  8:38  Zergling x24  
  118  8:39  Zergling x2  
  110  8:46  Zergling x10  
  111  8:53  Chitinous Plating  
  111  9:02  Baneling x11  
  108  9:03  Baneling x5  
  108  9:04  Baneling x4  
  108  9:05  Zergling x2  
  108  9:06  Zergling x2  
  110  9:11  Zergling x2  
  110  9:12  Zergling x8  
  110  9:16  Zergling x2  
  110  9:17  Zergling x8  
  93  9:31  Zergling x2  
  93  9:32  Zergling x30  
  102  9:42  Zergling x10  
  102  9:44  Ultralisk  
  107  9:48  Baneling  
  107  9:50  Baneling  
  107  9:51  Baneling x4  
  103  9:53  Zergling x8  
  76  10:07  Zergling x2  
  76  10:08  Zergling x8  
Tags
 
Add a new tag
Caveats
  • Supply blocks, unpowered buildings, or Contaminate may cause inaccurate times.
  • Supply counts are checked every 10 seconds.